 Dungeon Crawl Stone Soup version 0.30.0-29-ga12c61a403 (webtiles) character file.

Game seed: 12140503044381119042

514 hawla the Conjurer (level 7, -2/52 HPs)
             Began as a Meteoran Fire Elementalist on June 8, 2023.
             Slain by an elf zombie (3 damage)
             ... in an ossuary.
             The game lasted 00:10:35 (1544 turns).

hawla the Conjurer (Meteoran Fire Elementalist)     Turns: 1544, Time: 00:10:35

Health: -2/52      AC:  2    Str:  9    XL:     7   Next: 72%
Magic:  10/14      EV: 13    Int: 20    God:
Gold:   143        SH:  0    Dex: 14    Spells: 7/14 levels left

rFire   . . .        f - +4 dagger
rCold   . . .        (no shield)
rNeg    . . .        a - +0 robe
rPois   .            (no helmet)
rElec   .            (no cloak)
rCorr   .            (no gloves)
SInv    .            (no boots)
Will    .....        (no amulet)
Stlth   +            (no ring)
HPRegen 0.28/turn    (no ring)
MPRegen 0.14/turn

%: no passive effects
@: glowing
A: sense surroundings 1, otherworldly, glowing, explore regen
a: no special abilities


You were in an ossuary.
You visited 1 branch of the dungeon, and saw 4 of its levels.
You also visited: Ossuary.

You collected 184 gold pieces.
You spent 41 gold pieces at shops.

Inventory:

Hand Weapons
 f - a +4 dagger (weapon)
Armour
 a - a +0 robe (worn)
Jewellery
 m - a ring of positive energy
Wands
 o - a wand of flame (23) (quivered)
Scrolls
 c - a scroll of torment {unknown}
 d - 2 scrolls of enchant weapon {unknown}
 e - a scroll of fog {unknown}
 j - a scroll of noise {unknown}
 k - 8 scrolls of identify {unknown}
 p - 3 scrolls of fear {unknown}
 r - a scroll of poison {unknown}
 s - 2 scrolls of blinking {unknown}
Potions
 b - 2 potions of magic
 g - 8 potions of curing {unknown}
 h - 2 potions of attraction {unknown}
 i - 3 potions of resistance {unknown}
 l - 2 potions of haste {unknown}
 n - 4 potions of heal wounds {unknown}
 q - a potion of berserk rage {unknown}
 t - a potion of cancellation {unknown}
 u - a potion of lignification {unknown}


   Skills:
 + Level 1.1 Fighting
 + Level 1.3 Short Blades
 + Level 3.1 Dodging
 - Level 1.4 Stealth
 - Level 0.4 Unarmed Combat
 + Level 4.4 Spellcasting
 + Level 5.2 Conjurations
 + Level 5.2 Fire Magic
 + Level 3.0 Evocations


You had 7 spell levels left.
You knew the following spells:

 Your Spells              Type           Power      Damage    Failure   Level
a - Foxfire               Conj/Fire      100%       2x1d9     1%          1
b - Scorch                Fire           50%        2d7       2%          2
c - Flame Wave            Conj/Fire      25%        2d8       14%         4

Your spell library contained the following spells:

 Spells                   Type           Power      Damage    Failure   Level
 Inner Flame              Hex/Fire       15%        N/A       12%         3
 Volatile Blastmotes      Fire/Tloc      30%        2d12      12%         3


Dungeon Overview and Level Annotations

Branches:
Dungeon (4/15) Zot: 950   Ossuary (1/1) Zot: 506
 Temple: D:4-7

Altars:

Shops:
D:1 *

Annotations:
D:4 1 transporter, hawla's ghost, amateur DEFE


Innate Abilities, Weirdness & Mutations

You passively map a small area around you.
You are easily found by Zot.
You glow in the dark.
You regain HP and MP as you explore.


Message History

The human zombie is heavily damaged.
The flame wave engulfs the elf zombie!
The elf zombie is heavily damaged.
The flame wave engulfs the elf zombie!
The elf zombie is moderately damaged.
The flame wave engulfs the mummy!!
The mummy is burned terribly!
The mummy is almost destroyed.
The flame wave engulfs the human zombie!
The human zombie is severely damaged.
You finish channelling waves of flame.
The elf zombie hits you.
* * * LOW HITPOINT WARNING * * *
The human zombie hits you.
* * * LOW HITPOINT WARNING * * *
The mummy misses you. The human zombie closely misses you.
Magic courses through your body. The elf zombie hits you.
* * * LOW HITPOINT WARNING * * *
Casting: Flame Wave (quite dangerous; 14% risk of failure)
Confirm with . or Enter, or press ? or * to list all spells.
The spell is quite dangerous to miscast (14% risk of failure)!
Continue anyway?
Casting: Flame Wave (quite dangerous; 14% risk of failure)
Press: ? - help, Dir - look around, f - activate A wave of flame ripples out!
The flame wave engulfs the human zombie!
The human zombie is heavily damaged.
The flame wave engulfs the elf zombie!
The elf zombie is heavily damaged.
The flame wave engulfs the elf zombie!
The elf zombie is heavily damaged.
The flame wave engulfs the mummy!
The mummy is burned terribly!
You destroy the mummy!
The flame wave engulfs the human zombie!
The human zombie is severely damaged. (Press . to intensify the flame waves.)
The elf zombie hits you.
* * * LOW HITPOINT WARNING * * *
The human zombie hits you.
* * * LOW HITPOINT WARNING * * *
The human zombie hits you but does no damage.
The elf zombie hits you.
You die...

##...∩...###.....##
+...∩∩∩...'.......#
, ,
##...∩...###.....##
* #.......# #.....#
* ##.....## ##...##
###.### ##### #'#
###.### *#.Z@Z.#*
#..Z.Z..# #.......#
#.......# ##.....##
###.### ###


You could see 2 elf zombies and 2 human zombies.

Vanquished Creatures
  2 elf zombies (Ossuary)
  A scorpion (D:3)
  An orc priest (D:3)
  2 centaur zombies (Ossuary)
  A sleepcap (D:4)
  Ijyb (D:3)
  3 mummies
  3 gnolls (D:3)
  3 adders (D:3)
  2 worms
  3 dart slugs (D:1)
  7 orcs (D:3)
  9 ball pythons
  2 bats (D:1)
  7 endoplasms
  2 giant cockroaches
  5 goblins
  3 hobgoblins
  6 jackals (D:3)
  4 kobolds
  3 quokkas
  5 frilled lizards
  9 rats
84 creatures vanquished.

Vanquished Creatures (others)
  169 foxfires
169 creatures vanquished.

Grand Total: 253 creatures vanquished

Notes
Turn   | Place    | Note
-------+----------+-------------------------------------------
     0 | D:1      | hawla the Meteoran Fire Elementalist began the quest for
                  | the Orb.
     0 | D:1      | Reached XP level 1. HP: 14/14 MP: 5/5
    88 | D:1      | Reached XP level 2. HP: 16/20 MP: 1/6
   177 | D:1      | Reached XP level 3. HP: 25/26 MP: 4/8
   383 | D:1      | Found Ficku's Assorted Antiques.
   391 | D:1      | Bought an orange potion for 19 gold pieces
   391 | D:1      | Bought a scroll labelled RIQULE TUVVAD for 22 gold pieces
   500 | D:1      | Glimpsed the power of Zot.
   833 | D:2      | Reached XP level 4. HP: 34/34 MP: 6/9
   960 | D:3      | Noticed Ijyb
   966 | D:2      | Learned a level 2 spell: Scorch
   971 | D:2      | Learned a level 4 spell: Flame Wave
   980 | D:3      | Killed Ijyb
  1017 | D:3      | Reached XP level 5. HP: 25/39 MP: 4/10
  1122 | D:3      | Reached XP level 6. HP: 46/46 MP: 3/12
  1333 | D:3      | Reached skill level 1 in Evocations
  1404 | D:4      | Noticed hawla's ghost (amateur DEFE)
  1404 | D:4      | Found a transporter.
  1441 | D:4      | Found a sand-covered staircase.
  1446 | D:4      | Reached XP level 7. HP: 51/51 MP: 4/13
  1450 | Ossuary  | Entered an ossuary
  1465 | Ossuary  | Reached skill level 5 in Conjurations
  1465 | Ossuary  | Reached skill level 5 in Fire Magic
  1482 | Ossuary  | Reached skill level 1 in Fighting
  1482 | Ossuary  | Reached skill level 1 in Short Blades
  1544 | Ossuary  | HP: 2/52 [elf zombie (6)]
  1544 | Ossuary  | Slain by an elf zombie

Illustrated notes

Levels and vault maps discovered:
D:1:      beargit_arrival_greenhouse, layout_loops_ring, serial_shops,
          nicolae_shop_dealshenge
D:2:      layout_loops_corners, uniq_robin
D:3:      layout_basic, shapermc_ecumenical_altar_flowoftime,
          minmay_starry_boxes, uniq_ijyb
D:4:      layout_loops_cross, elyvilon_altar_1, zin_statuary,
          gammafunk_ghost_stat_death, gup_ossuary_entry_pyramid,
          minmay_goblin_outpost
Ossuary:  ossuary_minmay_four_chambers

Skill      XL: |  1  2  3  4  5  6  7 |
---------------+----------------------+-----
Fire Magic     | 4 5 |  5.2
Spellcasting   | 3 4 |  4.4
Conjurations   | 3 4 5 |  5.2
Evocations     | 2 3 |  3.0
Dodging        | 3 |  3.1
Fighting       | 1 |  1.1
Short Blades   | 1 |  1.3
Stealth        | |  1.4
Unarmed Combat | |  0.4

Action                     |  1- 3 |  4- 6 |  7- 9 || total
---------------------------+-------+-------+-------++-------
  Melee: Unarmed           |     2 |       |       ||     2
         Dagger            |    10 |    12 |    21 ||    43
   Cast: Foxfire           |    43 |    60 |     8 ||   111
         Scorch            |       |    14 |       ||    14
         Flame Wave        |       |     1 |     4 ||     5
    Use: Potion            |       |       |     1 ||     1
 Armour: Robe              |    14 |     1 |     6 ||    21
  Dodge: Dodged            |    16 |    11 |    32 ||    59
